Map: Inside and Out

Players

Has

  • Race: Protoss Protoss
  • Spawn Location: 1:00

ByuN - Winner!

  • Race: Terran Terran
  • Spawn Location: 7:00

Event: DreamHack SC2 Masters 2022 Atlanta (Offline)

VOD

Have the link to the VOD?

Description

Time

  • Played on: Nov. 18, 2022, 5:06 p.m.
  • Length: 9:29

All games in this series

Show
View Real Time Build Order
Export as new Build Order

Has Protoss 

Build Orders: 1 Gate Expand, Double Forge 

Get SALT Encoding   

  12  0:00  Probe  
  13  0:12  Probe  
  14  0:17  Pylon  
  14  0:24  Probe (Chrono Boost)  
  16  0:36  Gateway  
  16  0:37  Probe (Chrono Boost)  
  16  0:42  Probe (Chrono Boost)  
  16  0:45  Assimilator  
  17  0:51  Probe  
  18  1:03  Probe  
  19  1:15  Probe  
  20  1:20  Nexus  
  20  1:30  Cybernetics Core  
  20  1:34  Probe  
  20  1:38  Assimilator  
  21  1:46  Probe  
  22  1:47  Pylon  
  22  1:58  Probe  
  23  2:03  Adept (Chrono Boost)  
  23  2:06  Warp Gate  
  25  2:10  Probe  
  25  2:15  Twilight Council  
  26  2:22  Probe  
  27  2:28  Stalker (Chrono Boost)  
  28  2:33  Probe  
  28  2:34  Probe  
  30  2:45  Probe  
  30  2:46  Probe  
  30  2:50  Charge  
  32  2:54  Stalker  
  32  2:57  Probe  
  35  2:59  Probe  
  36  3:09  Probe (Chrono Boost)  
  36  3:11  Probe (Chrono Boost)  
  37  3:21  Probe (Chrono Boost)  
  37  3:23  Probe (Chrono Boost)  
  39  3:30  Probe (Chrono Boost)  
  39  3:31  Probe (Chrono Boost)  
  38  3:36  Probe  
  38  3:38  Probe  
  40  3:46  Nexus  
  40  3:47  Pylon  
  40  3:48  Robotics Facility, Probe  
  41  3:50  Probe  
  41  3:54  Gateway  
  42  4:00  Probe, Forge  
  43  4:05  Zealot  
  43  4:08  Gateway  
  43  4:09  Probe  
  46  4:15  Probe  
  47  4:21  Probe  
  46  4:25  Stalker  
  46  4:33  Probe  
  46  4:35  Forge  
  46  4:37  Protoss Ground Weapons Level 1 (Chrono Boost)  
  46  4:38  Probe  
  47  4:44  Observer (Chrono Boost)  
  48  4:46  Probe  
  48  4:49  Zealot  
  48  4:50  Zealot, Probe  
  54  4:58  Probe  
  54  4:59  Blink (Chrono Boost)  
  55  5:02  Gateway, Probe  
  55  5:05  Pylon  
  56  5:10  Zealot x2, Probe  
  56  5:11  Protoss Ground Armor Level 1 (Chrono Boost)  
  61  5:15  Gateway  
  61  5:19  Probe  
  61  5:21  Probe  
  63  5:25  Zealot, Probe  
  66  5:32  Zealot, Probe  
  66  5:33  Zealot  
  66  5:34  Probe  
  69  5:37  Probe  
  68  5:44  Probe  
  68  5:48  Pylon  
  70  5:50  Gateway  
  70  5:52  Observer, Sentry  
  70  5:53  Zealot, Probe  
  70  5:54  Probe, Gateway  
  67  6:05  Stalker x2  
  67  6:07  Probe (Chrono Boost)  
  67  6:09  Probe (Chrono Boost)  
  70  6:12  Probe (Chrono Boost)  
  65  6:19  Probe (Chrono Boost), Stalker  
  65  6:25  Probe (Chrono Boost)  
  64  6:26  Probe x2 (Chrono Boost)  
  64  6:31  Probe  
  64  6:38  Sentry  
  64  6:39  Zealot x2  
  71  6:42  Gateway  
  71  6:45  Probe  
  70  6:48  Probe  
  70  6:51  Stalker  
  70  6:53  Stalker  
  73  6:56  Zealot  
  73  6:58  Probe  
  76  7:11  Zealot  
  76  7:12  Zealot x3  
  82  7:22  Pylon x2  
  81  7:27  Pylon  
  79  7:34  Zealot  
  79  7:35  Zealot x2  
  85  7:43  Zealot x5  
  95  7:45  Probe  
  96  7:57  Zealot x3  
  70  8:01  Probe x2  
  70  8:03  Probe  
  65  8:11  Zealot  
  65  8:12  Zealot x3  
  73  8:14  Probe x2  
  73  8:16  Sentry  
  73  8:18  Observer (Chrono Boost)  
  76  8:24  Zealot  
  76  8:25  Zealot x2  
  78  8:32  Zealot x2  
  78  8:33  Zealot  
  84  8:44  Zealot x2  
  84  8:47  Zealot x3  
  92  9:03  Zealot x3  
  86  9:13  Zealot  
  86  9:14  Zealot x6  
  82  9:24  Zealot  
Show
View Real Time Build Order
Export as new Build Order

ByuN Terran - Winner!

Build Orders:  

Get SALT Encoding   

  12  0:00  SCV  
  13  0:12  SCV  
  14  0:16  Supply Depot  
  14  0:24  SCV  
  15  0:38  SCV  
  15  0:39  Barracks  
  15  0:42  Refinery  
  16  0:50  SCV  
  16  0:52  Refinery  
  17  1:02  SCV  
  18  1:14  SCV  
  19  1:25  Reaper  
  19  1:26  Orbital Command  
  19  1:27  Supply Depot  
  20  1:39  Factory  
  20  1:52  SCV  
  21  1:57  Reaper  
  22  2:04  SCV  
  23  2:16  SCV  
  24  2:23  Command Center  
  24  2:24  Hellion  
  24  2:28  SCV  
  27  2:31  Barracks Reactor  
  27  2:37  Starport  
  27  2:41  SCV  
  28  2:48  Supply Depot  
  28  2:50  Widow Mine  
  30  2:53  SCV  
  31  3:10  SCV  
  32  3:14  Marine  
  32  3:15  Marine  
  32  3:17  Medivac, Widow Mine  
  38  3:22  SCV  
  39  3:32  Marine x2  
  39  3:34  SCV  
  39  3:37  Orbital Command  
  39  3:39  Factory Tech Lab  
  39  3:46  SCV  
  40  3:49  Bunker  
  40  3:52  Marine x2  
  43  4:03  SCV x2, Factory Tech Lab  
  43  4:04  Banshee, Cloaking Field  
  47  4:12  Marine  
  47  4:13  Marine  
  47  4:15  SCV  
  50  4:18  SCV  
  50  4:20  Supply Depot  
  51  4:27  SCV  
  51  4:30  Siege Tank  
  54  4:35  Barracks  
  54  4:36  Supply Depot  
  54  4:41  SCV x2, Marine x2  
  54  4:45  Supply Depot, Engineering Bay  
  58  4:49  Banshee  
  61  4:53  SCV  
  61  4:57  Refinery  
  61  4:58  SCV  
  61  4:59  Marine x2  
  65  5:06  SCV  
  67  5:16  Factory Reactor  
  67  5:17  Marine x2  
  67  5:19  SCV x2  
  67  5:20  Terran Infantry Weapons Level 1  
  70  5:24  Barracks  
  70  5:31  SCV x2  
  70  5:32  Marine  
  70  5:34  Marine x2  
  75  5:40  Stimpack  
  73  5:47  Starport Reactor  
  73  5:48  Barracks  
  73  5:49  Supply Depot  
  73  5:50  Barracks, Marine, SCV  
  73  5:51  SCV  
  73  5:52  Marine x2  
  78  6:07  SCV x2  
  78  6:10  Supply Depot x2  
  78  6:11  Marine x3  
  81  6:17  Widow Mine x2  
  82  6:29  Medivac x2, Marauder x2  
  90  6:35  Marine x2  
  92  6:41  Widow Mine x2  
  92  6:45  Command Center, SCV x2  
  98  6:51  Barracks Reactor, Barracks Tech Lab  
  98  6:53  Refinery  
  98  6:55  Supply Depot  
  98  6:59  Marauder x2, Marine  
  98  7:00  Marine  
  101  7:04  Combat Shield  
  101  7:13  Widow Mine x2  
  105  7:16  Medivac  
  105  7:17  Medivac  
  105  7:19  Concussive Shells  
  105  7:20  Marauder  
  113  7:26  Terran Infantry Armor Level 1  
  113  7:27  Supply Depot  
  111  7:31  Marauder  
  111  7:32  Marauder  
  111  7:34  Marine  
  111  7:35  Marine  
  111  7:36  Marine  
  118  7:44  Marine  
  119  7:45  SCV x2  
  119  7:49  Supply Depot  
  120  7:56  Marauder x2, Marine  
  120  7:57  SCV x3  
  93  8:05  Medivac  
  93  8:07  Medivac  
  93  8:09  Marine x3  
  93  8:10  Marine  
  99  8:21  Marauder  
  99  8:22  Marine x2  
  99  8:26  SCV x2  
  104  8:29  Marauder  
  104  8:30  Orbital Command  
  106  8:38  SCV x2  
  106  8:39  Marine x2  
  106  8:40  Marauder, Marine  
  113  8:42  Missile Turret  
  113  8:46  Marine  
  113  8:47  Marauder  
  116  8:50  Marauder  
  116  8:54  Widow Mine  
  116  8:55  Widow Mine  
  122  9:02  Marauder  
  124  9:09  SCV x2  
Tags
 
Add a new tag
Caveats
  • Supply blocks, unpowered buildings, or Contaminate may cause inaccurate times.
  • Supply counts are checked every 10 seconds.